 Dungeon Crawl Stone Soup version 0.18.1-48-g4cf74bf (webtiles) character file.

322 Heedrag the Thaumaturge (level 6, -1/32 HPs)
             Began as a Deep Elf Conjurer on July 24, 2016.
             Slain by Edmund
             ... wielding a +2 dire flail of venom
              (8 damage)
             ... on level 4 of the Dungeon.
             The game lasted 00:07:50 (3410 turns).

Heedrag the Thaumaturge (Deep Elf Conjurer)         Turns: 3410, Time: 00:07:51

Health: -1/32      AC:  3    Str:  7    XL:     6   Next: 22%
Magic:  1/19       EV: 13    Int: 20    God:
Gold:   168        SH:  0    Dex: 15    Spells: 4 memorised, 9 levels left

rFire  . . .     SeeInvis .     e - +0 dagger
rCold  . . .     Gourm    .     a - +0 robe
rNeg   . . .     Faith    .     (no shield)
rPois  +         Spirit   .     i - +1 hat
rElec  .         Dismiss  .     (no cloak)
rCorr  .         Reflect  .     (no gloves)
SustAt .         Harm     .     (no boots)
MR     .....                    (no amulet)
Stlth  ++........               (no ring)
                                j - ring of poison resistance

@: not resistant to hostile enchantments, unstealthy
A: no striking features
a: no special abilities


You were on level 4 of the Dungeon.
You were not hungry.

You visited 1 branch of the dungeon, and saw 4 of its levels.

You collected 168 gold pieces.

Inventory:

Hand Weapons
 e - a +0 dagger (weapon)
 v - a +1 dagger of draining
Armour
 a - a +0 robe (worn)
 i - a +1 hat (worn)
 m - a +0 large shield
Jewellery
 j - a ring of poison resistance (left hand)
Scrolls
 d - 2 scrolls of remove curse {unknown}
 g - 2 scrolls of magic mapping {unknown}
 k - 2 scrolls of immolation {unknown}
 n - 3 scrolls of amnesia {unknown}
 q - 2 scrolls of identify {unknown}
 t - a scroll of enchant armour {unknown}
 x - 2 scrolls of random uselessness {unknown}
 y - a scroll of enchant weapon {unknown}
Potions
 l - a potion of heal wounds {unknown}
 o - a potion of resistance {unknown}
 p - a potion of flight {unknown}
 r - a potion of might {unknown}
 s - a potion of invisibility {unknown}
 u - a potion of curing {unknown}
 w - 2 potions of agility {unknown}
Books
 b - a book of Conjurations

   Spells                             Type                      Level
   a - Magic Dart                     Conjuration                  1
   b - Searing Ray                    Conjuration                  2
   c - Dazzling Spray                 Conjuration/Hexes            3
   d - Fulminant Prism                Conjuration/Hexes            4
   e - Iskenderun's Mystic Blast      Conjuration                  4
   f - Iskenderun's Battlesphere      Conjuration/Charms           5
Comestibles
 c - 4 bread rations
 f - a beef jerky
 h - a meat ration
 z - a chunk of flesh


   Skills:
 - Level 2.4 Dodging
 - Level 2.4 Stealth
 * Level 8.9 Spellcasting
 - Level 4.3 Conjurations


You had 9 spell levels left.
You knew the following spells:

 Your Spells              Type           Power        Failure   Level  Hunger
a - Magic Dart            Conj           ####         1%          1    None
b - Dazzling Spray        Conj/Hex       ###...       12%         3    None
c - Iskenderun's Mystic   Conj           ####....     14%         4    ###....
d - Iskenderun's Battles  Conj/Chrm      ###.....     89%         5    #####..


Dungeon Overview and Level Annotations

Branches:
Dungeon (4/15)
 Temple: D:4-7

Altars:
Elyvilon
Kikubaaqudgha
The Shining One

Annotations:
D:4 Edmund


Message History

Ye barely miss Edmund.
Edmund be lightly wounded.
Edmund barely misses ye.
Castin': Dazzlin' Spray Confirm wit' . or Enter, or press ? or * ta list all spells.
Aimin': Dazzlin' Spray
Press: ? - help, Shift-Dir - straight line, f/p - Edmund
Aim: Edmund, wieldin' a dire flail o' venom an' wearin' a scale mail (lightly wounded) Tha spray o' energy hits Edmund.
Edmund be moderately wounded.
Edmund closely misses ye.
Castin': Dazzlin' Spray Confirm wit' . or Enter, or press ? or * ta list all spells.
Aimin': Dazzlin' Spray
Press: ? - help, Shift-Dir - straight line, f/p - Edmund
Aim: Edmund, wieldin' a dire flail o' venom an' wearin' a scale mail (moderately wounded) Tha spray o' energy hits Edmund.
Edmund be moderately wounded.
Edmund hits ye wit' a dire flail o' venom!
Ye die...

#...# ###...##
#######......#
.<.........#.#
########..##.# #..##.#
########.###.#
#........# #.#####
#......#.# #...@@#
.......#.# #####'###
.......#.# ###.....###
.........###.........##
.......####..⌠.....⌠..#
#.......###.....8.....#
#.....@.#.##._.###._.##
#.......#.###### #####
#.....(.#.#


You could see Edmund.

Vanquished Creatures
  3 vampire bats (D:2)
  An orc wizard (D:3)
  An iguana (D:4)
  5 adders
  2 worms (D:2)
  4 dart slugs
  5 giant geckos
  7 orcs
  2 ball pythons
  7 bats
  A bat skeleton (D:2)
  4 bat zombies (D:2)
  4 giant cockroaches
  7 goblins
  9 hobgoblins
  4 jackals (D:3)
  A quokka (D:2)
  3 giant newts
  3 kobolds (D:2)
  5 rats
78 creatures vanquished.

Vanquished Creatures (others)
  A giant gecko (D:4)
1 creature vanquished.

Grand Total: 79 creatures vanquished

Notes
Turn   | Place    | Note
--------------------------------------------------------------
     0 | D:1      | Heedrag the Deep Elf Conjurer began the quest for the Orb.
     0 | D:1      | Reached XP level 1. HP: 10/10 MP: 6/6
   308 | D:1      | Reached XP level 2. HP: 15/15 MP: 6/8
   330 | D:1      | Reached skill level 4 in Spellcasting
   832 | D:1      | Reached XP level 3. HP: 19/19 MP: 8/11
   852 | D:1      | Learned a level 3 spell: Dazzling Spray
   992 | D:2      | Reached skill level 5 in Spellcasting
  1474 | D:2      | Found an ancient bone altar of Kikubaaqudgha.
  1477 | D:2      | Reached skill level 6 in Spellcasting
  1477 | D:2      | Reached XP level 4. HP: 24/24 MP: 6/14
  1490 | D:2      | Reached skill level 7 in Spellcasting
  1490 | D:2      | Reached XP level 5. HP: 20/28 MP: 0/16
  2172 | D:3      | Reached skill level 8 in Spellcasting
  2288 | D:3      | Learned a level 4 spell: Iskenderun's Mystic Blast
  2294 | D:3      | Learned a level 5 spell: Iskenderun's Battlesphere
  2563 | D:3      | Found a faded altar to an unknown god.
  2699 | D:3      | Reached XP level 6. HP: 32/32 MP: 14/19
  3273 | D:4      | Found a white marble altar of Elyvilon.
  3274 | D:4      | Found a glowing golden altar of the Shining One.
  3342 | D:4      | Noticed Edmund
  3410 | D:4      | Slain by Edmund

Skill      XL: |  1  2  3  4  5 |
---------------+----------------+-----
Spellcasting   | 4 6 7 8 |  8.9
Dodging        | |  2.4
Stealth        | |  2.4
Conjurations   | |  4.3

Action                   |  1- 3 |  4- 6 || total
-------------------------+-------+-------++-------
Melee: Dagger            |     6 |    23 ||    29
 Cast: Magic Dart        |    86 |    95 ||   181
       Dazzling Spray    |       |    11 ||    11
  Eat: Chunk             |     1 |     6 ||     7
Armor: Robe              |     6 |    30 ||    36
Dodge: Dodged            |    22 |    66 ||    88
